 Dungeon Crawl Stone Soup version 0.29-a0-284-gf9362112df (webtiles) character file.

Game seed: 14587618504961587110

10713 Leeroy the Fencer (level 11, -14/90 HPs)
             Began as a Merfolk Gladiator on Mar 15, 2022.
             Was a Priest of Wu Jian.
             Demolished by a cane toad (18 damage)
             ... on level 1 of the Lair of Beasts.
             The game lasted 00:37:11 (15258 turns).

Leeroy the Fencer (Merfolk Gladiator)              Turns: 15258, Time: 00:37:11

Health: -14/90     AC:  7    Str: 19    XL:     11   Next: 66%
Magic:  11/11      EV: 18    Int: 13    God:    Wu Jian [***...]
Gold:   686        SH:  0    Dex: 19    Spells: 10/10 levels left

rFire   . . .      SeeInvis .   V - +4 scimitar
rCold   . . .      Faith    .   (no shield)
rNeg    . . .      Spirit   .   S - +2 robe of the Cicada {Str+3}
rPois   .          Reflect  .   c - +0 helmet
rElec   .          Harm     .   q - +0 cloak
rCorr   .          Rampage  .   t - +0 pair of gloves
Will    .....                   (no boots)
Stlth   ++........              o - amulet of regeneration
HPRegen 1.05/turn               O - +6 ring of intelligence
MPRegen 0.12/turn               (no ring)

@: brilliant, lethally poisoned (-14 -> -23), attractive, hasted, very quick
A: (nimble swimmer 2), mertail
a: Renounce Religion, Wall Jump, Serpent's Lash


You were on level 1 of the Lair of Beasts.
You worshipped Wu Jian.
Wu Jian was most pleased with you.
You visited 3 branches of the dungeon, and saw 14 of its levels.
You also visited: Sewer.

You collected 686 gold pieces.

Inventory:

Hand Weapons
 l - a +0 dagger of draining
 n - a +1 dagger of venom
 u - a +2 short sword of venom
 L - a +1 short sword of flaming
 U - a +3 great sword
 V - a +4 scimitar (weapon)
Missiles
 d - a throwing net
 e - a javelin
 v - 16 poisoned darts (quivered)
 Y - a curare-tipped dart
Armour
 b - a +0 buckler
 c - a +0 helmet (worn)
 q - a +0 cloak (worn)
 s - a +0 robe of positive energy
 t - a +0 pair of gloves (worn)
 E - a +0 pair of gloves
 P - +0 steam dragon scales
 S - the +2 robe of the Cicada (worn) {Str+3}
   (You found it on level 9 of the Dungeon)

   Str:       It affects your strength (+3).
Jewellery
 o - an amulet of regeneration (around neck)
 z - an amulet of reflection
 O - a +6 ring of intelligence (left hand)
 Q - an amulet of the acrobat
Wands
 w - a wand of polymorph (7)
 A - a wand of iceblast (10)
 R - a wand of acid (4)
 W - a wand of flame (26)
Scrolls
 i - 5 scrolls of enchant armour
 j - 6 scrolls of immolation {unknown}
 k - 4 scrolls of noise
 p - 4 scrolls of teleportation
 r - 4 scrolls of blinking {unknown}
 x - 4 scrolls of fog {unknown}
 y - 3 scrolls of vulnerability {unknown}
 C - 3 scrolls of identify
 I - 3 scrolls of enchant weapon {unknown}
 J - a scroll of summoning {unknown}
 M - 3 scrolls of magic mapping {unknown}
 T - 2 scrolls of amnesia {unknown}
 Z - a scroll of brand weapon {unknown}
Potions
 f - a potion of brilliance
 g - a potion of haste
 m - 3 potions of degeneration
 B - a potion of mutation {unknown}
 D - 3 potions of lignification {unknown}
 F - 2 potions of attraction
 G - a potion of might {unknown}
 H - a potion of invisibility {unknown}
 K - a potion of flight {unknown}
 N - 2 potions of resistance {unknown}
 X - a potion of curing {unknown}
Miscellaneous
 a - a condenser vane


   Skills:
 - Level 10.0 Fighting
 + Level 16.9 Long Blades
 - Level 2.0 Throwing
 - Level 10.0 Dodging


You had 10 spell levels left.
You didn't know any spells.
Your spell library contained the following spells:

 Spells                   Type           Power      Damage    Failure   Level
 Sting                    Tmut/Pois      0%         1d3       30%         1
 Summon Small Mammal      Summ           0%         N/A       30%         1
 Poisonous Vapours        Pois/Air       0%         N/A       43%         2
 Call Canine Familiar     Summ           0%         N/A       67%         3
 Stone Arrow              Conj/Erth      0%         3d7       67%         3
 Summon Guardian Golem    Hex/Summ       0%         N/A       67%         3
 Animate Armour           Summ/Erth      0%         N/A       97%         4
 Olgreb's Toxic Radiance  Pois           0%         N/A       97%         4
 Sticky Flame             Conj/Fire      0%         2d3       97%         4
 Iskenderun's Battlesphe  Conj           0%         2d6       100%        5
 Lehudib's Crystal Spear  Conj/Erth      0%         10d2      100%        8
 Fire Storm               Conj/Fire      0%         5d1       100%        9


Dungeon Overview and Level Annotations

Branches:
Dungeon (12/15)            Temple (1/1) D:4            Lair (1/6) D:11
  Sewer (visited)
    Orc: D:9-12

Altars:
Ashenzari
Cheibriados
Dithmenos
Elyvilon
Fedhas
Gozag
Hepliaklqana
Kikubaaqudgha
Makhleb
Nemelex Xobeh
Okawaru
Qazlal
Ru
Sif Muna
Trog
Uskayaw
Vehumet
Wu Jian
Xom
Zin
The Shining One

Shops:
D:4 (   D:8 !

Annotations:
D:6 3 runed translucent doors, Bediveer's ghost, novice DjCj; jlumianski's ghost, novice DsGl
D:10 Gastronok; Psyche


Innate Abilities, Weirdness & Mutations

((You are very nimble when in or above water. (Stealth+, EV+, Speed+++)))
Your lower body shifts to a powerful aquatic tail in water.


Message History

You spin and attack the black mamba.
You hit the black mamba but do no damage.
The black mamba bites you! The black mamba barely misses you.
The komodo dragon hisses angrily.
The black mamba attacks as you move away!
The black mamba completely misses you. The komodo dragon bites you.
The black mamba bites you!
You are poisoned.
The black mamba poisons you!
You spin and attack the komodo dragon.
You slash the komodo dragon!
The komodo dragon is moderately wounded.
You feel very sick. The komodo dragon bites you!
* * * LOW HITPOINT WARNING * * *
It was a potion of attraction.
You feel attractive to monsters.
You feel very sick. The black mamba bites you!
* * * LOW HITPOINT WARNING * * *
You are lethally poisoned!
The black mamba poisons you! The black mamba completely misses you.
The komodo dragon barely misses you. The cane toad is attracted toward you.
The polar bear is attracted toward you. The black bear is attracted toward you.
Unknown command.
It was a potion of haste.
You feel yourself speed up.
* * * LOW HITPOINT WARNING * * *
You feel very sick. The black mamba completely misses you.
The komodo dragon bites you but does no damage.
The black mamba barely misses you. The cane toad misses you.
It was a potion of brilliance.
You feel clever all of a sudden.
* * * LOW HITPOINT WARNING * * *
You feel very sick. The black mamba closely misses you.
The polar bear misses you. The polar bear claws you.
* * * LOW HITPOINT WARNING * * *
The polar bear claws you but does no damage.
The cane toad stings you!!
You die...

## #. ##...........
.###.##+###............#
###.##....#............#
##..#.....#.............
P#...8.8.8#§§..........#
....#hh.Fh.#...........# #...
##..##.8..##...§.......# #...#
###.########P.hSF......###....##
# ##.P# ##.hl@......#.......# #
#..## #..h..............#
####...#### ###.####..........#
..........## ####....#.......#
...........# ###...###........#
...........###...### ###......#
...........#...#....# ##.....#
.............###......##......#
...........### #.....P####...P##


You could see 2 polar bears, a komodo dragon, a black mamba, a cane toad and a
black bear.

Vanquished Creatures
  2 two-headed ogres
  A black mamba (Lair:1)
  A komodo dragon (Lair:1)
  4 trolls
  2 polar bears (Lair:1)
  Prince Ribbit (D:9)
  2 slime creatures (D:12)
  3 blink frogs (Lair:1)
  A basilisk (D:10)
  4 hogs (D:10)
  Grum (D:9)
  A human (D:10)
  2 steam dragons
  8 vampire mosquitoes
  2 water moccasins (Lair:1)
  3 black bears
  4 ogres
  4 wolves
  A centaur (D:6)
  A kobold brigand (D:9)
  5 bullfrogs
  A gnoll sergeant (D:10)
  A necrophage (D:6)
  4 scorpions
  9 wights
  11 killer bees
  4 howler monkeys
  2 hounds
  2 jellies
  2 orc priests
  3 iguanas
  10 orc wizards
  7 gnolls
  11 adders
  6 river rats
  A shadow imp (D:8)
  2 white imps
  3 ufetubi (D:6)
  2 worms
  A dart slug (D:1)
  22 orcs
  15 ball pythons
  4 bats
  3 endoplasms
  5 giant cockroaches
  6 goblins
  5 hobgoblins
  3 jackals (D:1)
  8 kobolds
  A quokka (D:4)
  5 frilled lizards
  21 rats
233 creatures vanquished.

Vanquished Creatures (others)
  3 plants (Lair:1)
  6 withered plants (D:6)
9 creatures vanquished.

Grand Total: 242 creatures vanquished

Notes
Turn   | Place    | Note
-------+----------+-------------------------------------------
     0 | D:1      | Leeroy the Merfolk Gladiator began the quest for the Orb.
     0 | D:1      | Reached XP level 1. HP: 16/16 MP: 1/1
     2 | D:1      | Noticed a felid
     2 | D:1      | Noticed a merfolk
     4 | D:1      | Noticed an elf
     4 | D:1      | Noticed a vampire
     6 | D:1      | Noticed a ghoul
     8 | D:1      | Noticed a gargoyle
     8 | D:1      | Noticed a troll
    10 | D:1      | Noticed a dwarf
    12 | D:1      | Noticed a draconian
    14 | D:1      | Noticed a tengu
    14 | D:1      | Noticed an octopode
    16 | D:1      | Noticed a human
    18 | D:1      | Noticed a spriggan
    20 | D:1      | Noticed a minotaur
    20 | D:1      | Noticed a demigod
    22 | D:1      | Noticed an ogre
    22 | D:1      | Noticed a naga
    24 | D:1      | Noticed a vine stalker
    24 | D:1      | Noticed a demonspawn
    26 | D:1      | Noticed a formicid
    90 | D:1      | Reached skill level 4 in Long Blades
   266 | D:1      | Reached XP level 2. HP: 22/22 MP: 2/2
  1081 | D:1      | Reached XP level 3. HP: 27/27 MP: 3/3
  1184 | D:2      | Reached skill level 5 in Long Blades
  1236 | D:2      | Found a faded altar of an unknown god.
  2404 | D:3      | Reached skill level 6 in Long Blades
  2404 | D:3      | Reached XP level 4. HP: 14/33 MP: 4/4
  2463 | D:3      | Reached XP level 5. HP: 20/38 MP: 5/5
  2472 | D:3      | Reached skill level 7 in Long Blades
  3063 | D:4      | Found a staircase to the Ecumenical Temple.
  3076 | Temple   | Entered the Ecumenical Temple
  3084 | Temple   | Became a worshipper of the Wu Jian Council
  3108 | D:4      | Reached XP level 6. HP: 44/44 MP: 6/6
  3115 | D:4      | Reached skill level 8 in Long Blades
  3355 | D:4      | Found Woho's Weapon Emporium.
  3496 | D:4      | Reached skill level 5 in Dodging
  4321 | D:5      | Entered Level 5 of the Dungeon
  4325 | D:5      | Reached XP level 7. HP: 50/50 MP: 7/7
  4768 | D:5      | Reached * piety under Wu Jian
  4846 | D:5      | Found a stormy altar of Qazlal.
  4958 | D:5      | Found a glowing drain.
  4977 | Sewer    | Entered a sewer
  5003 | Sewer    | Reached XP level 8. HP: 55/56 MP: 8/8
  5158 | Sewer    | Reached ** piety under Wu Jian
  5560 | D:6      | Reached skill level 5 in Fighting
  5566 | D:6      | Found a runed translucent gate.
  5567 | D:6      | Found a runed translucent gate.
  5568 | D:6      | Found a runed translucent gate.
  5569 | D:6      | Noticed jlumianski's ghost (novice DsGl)
  5570 | D:6      | Noticed Bediveer's ghost (novice DjCj)
  5763 | D:6      | Found an opulent altar of Gozag.
  5896 | D:6      | Reached XP level 9. HP: 63/74 MP: 9/9
  6745 | D:7      | Found a shadowy altar of Dithmenos.
  6833 | D:7      | Noticed a troll
  7298 | D:8      | Noticed a rakshasa
  7320 | D:8      | Found an ancient bone altar of Kikubaaqudgha.
  7521 | D:8      | Reached skill level 10 in Fighting
  7573 | D:8      | Found a burning altar of Makhleb.
  7850 | D:8      | Found Juutim's Distillery.
  7929 | D:8      | Reached skill level 9 in Long Blades
  8204 | D:8      | Found a radiant altar of Vehumet.
  8328 | D:9      | Noticed a two-headed ogre
  8630 | D:9      | Noticed Prince Ribbit
  8653 | D:9      | Killed Prince Ribbit
  8654 | D:9      | Reached skill level 10 in Long Blades
  8956 | D:9      | Noticed Grum
  8968 | D:10     | Entered Level 10 of the Dungeon
  9179 | D:10     | Reached *** piety under Wu Jian
  9180 | D:10     | Reached XP level 10. HP: 80/85 MP: 10/10
  9198 | D:10     | Reached skill level 11 in Long Blades
  9325 | D:10     | Reached skill level 12 in Long Blades
  9454 | D:10     | Noticed Gastronok
  9761 | D:10     | Reached skill level 10 in Dodging
  9891 | D:9      | Killed Grum
 10378 | D:9      | Identified the +2 robe of the Cicada {Str+3}
 10419 | D:9      | Reached skill level 13 in Long Blades
 12424 | D:11     | Found a staircase to the Lair.
 12474 | D:11     | Noticed a brown ugly thing
 12531 | D:12     | Noticed a two-headed ogre
 12531 | D:12     | Noticed a two-headed ogre
 12531 | D:12     | Noticed a two-headed ogre
 12531 | D:12     | Noticed a two-headed ogre
 12532 | D:12     | Noticed a two-headed ogre
 12605 | D:11     | HP: 1/85 [two-headed ogre/+0 giant club (34)]
 12607 | D:11     | Killed a two-headed ogre
 12608 | D:11     | Reached skill level 14 in Long Blades
 13267 | D:10     | Noticed Psyche
 13649 | D:12     | Reached XP level 11. HP: 50/90 MP: 11/11
 13661 | D:12     | Noticed a deep elf pyromancer
 13670 | D:12     | Reached skill level 15 in Long Blades
 14536 | D:12     | Noticed a two-headed ogre
 14552 | D:12     | Killed a two-headed ogre
 15057 | Lair:1   | Entered Level 1 of the Lair of Beasts
 15059 | Lair:1   | Reached skill level 16 in Long Blades
 15191 | Lair:1   | Got the Almanac of Arcane Weapons
 15258 | Lair:1   | HP: 4/90 [polar bear (3)]
 15258 | Lair:1   | Demolished by a cane toad

Illustrated notes

Levels and vault maps discovered:
D:1:      kb_arrival_jail, layout_basic, corexii_hall_statues_s
D:2:      layout_loops_ring, hellmonk_ecumenical_altar_zigzags
D:3:      layout_rooms, marbit_many_paths
D:4:      layout_basic, minmay_temple_entry_grid, serial_shops,
          nicolae_stop_n_shop_1, serial_co_window_serial, co_window_paths_a,
          co_window_paths_a, co_window_of_opportunity_a, co_window_corner_a,
          co_window_paths_a, co_window_cross_1, co_window_of_opportunity_a,
          co_window_2corner, co_window_broadway_a, co_window_broadway_c,
          co_window_4corner_b, co_window_4corner_a, glass_columns_c
D:5:      layout_basic, grunt_qazlal_sundering, portal_sewer_entry_b
D:6:      layout_gridville, mainiacjoe_overflow_24_doors,
          gammafunk_ghost_cemetery
D:7:      layout_gridville, old_standard_altar
D:8:      layout_loops_ring, vehumet_altar_wand_db, bloody_makhleb,
          overflow_temple_1_default, serial_shops, shop, eino_jars
D:9:      layout_roguey, uniq_grum, uniq_prince_ribbit1
D:10:     layout_basic, minmay_misc_feat_columns, dreamdust_princess_corridor,
          grunt_livestock, uniq_gastronok, uniq_harold, uniq_psyche
D:11:     layout_basic, lair_entry_dummy, david_orc_4,
          amcnicky_mini_corridor_feature
D:12:     layout_irregular_city, nooodl_orcs_dogs
Temple:   minmay_freezing_vapour_temple
Lair:1:   beast_lair_carwin_large_4, layout_cave_pods, grunt_megastairs_3

Skill      XL: |  1  2  3  4  5  6  7  8  9 10 11 |
---------------+----------------------------------+-----
Long Blades    | 4 6 7 8 10 14 16 | 16.9
Dodging        | 6 9 10 | 10.0
Fighting       | 8 10 | 10.0
Throwing       | |  2.0

Action                   |  1- 3 |  4- 6 |  7- 9 | 10-12 || total
-------------------------+-------+-------+-------+-------++-------
Melee: Long sword        |   120 |    74 |       |       ||   194
       Punch             |     1 |     1 |     5 |    10 ||    17
       Short sword       |       |    43 |   401 |   282 ||   726
       Tailslap          |       |       |     7 |       ||     7
       Scimitar          |       |       |    24 |   127 ||   151
Throw: Throwing net      |       |       |     2 |     1 ||     3
       Dart              |       |       |       |     6 ||     6
Invok: Lunge             |       |     4 |    24 |    12 ||    40
       Whirlwind         |       |       |    13 |    61 ||    74
       Serpent's Lash    |       |       |       |     4 ||     4
 Abil: Wall Jump         |       |       |       |     8 ||     8
Evoke: Wand              |       |       |       |     2 ||     2
  Use: Scroll            |       |     4 |     1 |     1 ||     6
       Potion            |       |     3 |     1 |     4 ||     8
 Stab: Sleeping          |     1 |     1 |     3 |     2 ||     7
       Held in net/web   |       |       |     1 |       ||     1
Armor: Leather armour    |    34 |    32 |    60 |       ||   126
       Steam dragon scal |       |       |    21 |    34 ||    55
       Robe              |       |       |       |    44 ||    44
Dodge: Dodged            |   104 |    78 |   398 |   357 ||   937

Table legend: (Time is in decaauts)
 A = Elapsed time spent in this place.
 B = Non-inter-level travel time spent in this place.
 C = Inter-level travel time spent in this place.
 D = Time resting spent in this place.
 E = Time spent auto-exploring this place.
 F = Levels seen in this place.
 G = Mean time per level.
                   A        B        C        D        E       F      G
               +--------+--------+--------+--------+--------+-----+--------+
         Total |  15157 |  13769 |   1388 |   4527 |   6626 |  15 | 1010.5 |
       Dungeon |  14720 |  13332 |   1388 |   4509 |   6451 |  12 | 1226.7 |
        Temple |     17 |     17 |      0 |      0 |      0 |   1 |   17.0 |
          Lair |    184 |    184 |      0 |     18 |     79 |   1 |  184.0 |
         Sewer |    234 |    234 |      0 |      0 |     95 |   1 |  234.0 |
               +--------+--------+--------+--------+--------+-----+--------+

Top non-repeatable levels by time:
     D:9: 2062 daAuts
    D:10: 1617 daAuts
    D:11: 1518 daAuts
     D:8: 1407 daAuts
     D:2: 1353 daAuts
     D:4: 1337 daAuts
     D:1: 1188 daAuts
     D:6: 1008 daAuts
    D:12: 942 daAuts
     D:7: 925 daAuts
     D:5: 877 daAuts
     D:3: 481 daAuts
   Sewer: 234 daAuts
  Lair:1: 184 daAuts
  Temple: 17 daAuts
